 Dungeon Crawl Stone Soup version 0.31-a0-662-g684573625c (webtiles) character file.

Game seed: 17863602186224594656

200 CowFu the Ruffian (level 5, -2/40 HPs)
             Began as a Draconian Shapeshifter on Sept 1, 2023.
             Was an Initiate of Makhleb.
             Slain by an ogre
             ... wielding a +0 giant club
              (11 damage)
             ... on level 4 of the Dungeon.
             The game lasted 00:03:44 (2380 turns).

CowFu the Ruffian (Draconian Shapeshifter)          Turns: 2380, Time: 00:03:44

Health: -2/40      AC:  5    Str: 16    XL:     5   Next: 49%
Magic:  5/5        EV: 12    Int: 11    God:    Makhleb [......]
Gold:   172        SH:  0    Dex: 12    Spells: 4/4 levels left

rFire   . .          .
                       - Unarmed
rCold   . . .        (no shield)
rNeg    . . .        (body armour unavailable)
rPois   .            (helmet currently unavailable)
rElec   .            (cloak currently unavailable)
rCorr   .            (gloves currently unavailable)
SInv    .            (boots currently unavailable)
Will    .....        e - amulet of regeneration
Stlth   +            j - ring of flight
HPRegen 1.06/turn    (no ring)
MPRegen 0.09/turn

%: no passive effects
@: beast-form, flying
A: beast (slay +2), AC +5, unfitting armour, cold-blooded
a: Begin Untransformation, Renounce Religion


You were on level 4 of the Dungeon.
You worshipped Makhleb.
Makhleb was noncommittal.
You were a hulking beast.
You visited 2 branches of the dungeon, and saw 5 of its levels.

You collected 172 gold pieces.

Inventory:

Armour
 i - a +0 cloak
 k - a +0 helmet
 l - a +2 pair of gloves
Jewellery
 e - an amulet of regeneration (around neck)
 j - a ring of flight (left hand)
 r - an amulet of guardian spirit
Talismans
 b - a beast talisman (active)
 c - a flux talisman
Wands
 p - a wand of paralysis (9)
Scrolls
 d - 4 scrolls of identify {unknown}
 f - a scroll of teleportation {unknown}
 m - 2 scrolls of enchant armour {unknown}
 n - 3 scrolls of vulnerability {unknown}
 q - a scroll of butterflies {unknown}
 t - a scroll of revelation {unknown}
 u - a scroll of brand weapon {unknown}
Potions
 a - 6 potions of lignification
 g - a potion of haste {unknown}
 h - 2 potions of curing {unknown}
 o - 2 potions of mutation {unknown}
 s - a potion of attraction {unknown}


   Skills:
 - Level 1.1 Fighting
 - Level 1.7 Dodging
 + Level 4.9 Unarmed Combat
 + Level 4.6 Shapeshifting


You had 4 spell levels left.
You didn't know any spells.
Your spell library contained the following spells:

 Spells                   Type           Power      Damage    Failure   Level
 Summon Small Mammal      Summ           0%         N/A       34%         1
 Call Canine Familiar     Summ           0%         N/A       71%         3
 Summon Guardian Golem    Hex/Summ       0%         N/A       71%         3


Dungeon Overview and Level Annotations

Branches:
Dungeon (4/15)             Temple (1/1) D:4

Altars:
Fedhas
Gozag
Kikubaaqudgha
Makhleb
Ru
Trog
Uskayaw
Vehumet
Wu Jian
Xom
Zin

Shops:
D:3 ?

Annotations:
D:3 2 transporters
D:4 3 runed translucent doors, Darkkill's ghost, amateur MiHu


Innate Abilities, Weirdness & Mutations

You are a hulking beast.
Your limbs bulge with bestial killing power. (Slay +2)
Your plain brown scales are hard. (AC +5)
You cannot fit into any form of body armour.
You are cold-blooded and may be slowed by cold attacks.


Message History

A ball python is nearby!
You closely miss the ball python. The ball python bites you.
The ball python constricts you.
A ball python is nearby!
A ball python is nearby!
You completely miss the ball python.
The ball python bites you but does no damage.
The ball python constricts you.
A ball python is nearby!
You hit the ball python.
You kill the ball python!
Makhleb accepts your kill.
Key pressed, stopping explore.
No target in view!
No target in view!
u - a scroll labelled BEIPLE ZUMPIZ No target in view!
Darkkill's ghost keens inconsolably.
Key pressed, stopping explore.
No reachable target in view!
No reachable target in view!
Darkkill's ghost whispers, "Meet the emptiness of death!"
You see here 7 stones.
An ogre comes into view. It is wielding a +0 giant club.
The ogre shouts!
An ogre is nearby!
Found a falchion.
An ogre is nearby!
The ogre hits you with a +0 giant club!!
Ouch! That really hurt!
You hit the ogre.
The ogre is lightly wounded.
You hit the ogre but do no damage.
The ogre is lightly wounded.
The ogre hits you with a +0 giant club!
* * * LOW HITPOINT WARNING * * *
You hit the ogre.
The ogre is moderately wounded.
The ogre hits you with a +0 giant club!
You die...

....# ###### ###.###....#
.##...#....# ## ....>....[.# #.##
# #####.#....# #..# .###
#......#######..##.... ###
##.....#....).......# #.. #.....#
#.O.##.##..#######.. #.#.###
#h................ #...#
#####.##..###..... ##..####
#.##...####...
##....########.#....# #...
#.##..##<..(.....#.####..)
#.###.##.####.##.#.<.##...
########.###.#..####.##.# #...<##
...................#..#.###....##
########.####....#....#.##...#(..


You could see an ogre.

Vanquished Creatures
  A scorpion (D:4)
  A hound (D:4)
  Jessica (D:2)
  2 adders
  2 dart slugs
  An orc (D:3)
  5 endoplasms
  4 giant cockroaches
  3 goblins
  8 hobgoblins
  2 jackals (D:1)
  3 quokkas
  6 ball pythons
  8 bats
  3 frilled lizards
  7 kobolds
  3 rats
60 creatures vanquished.

Notes
Turn   | Place    | Note
-------+----------+-------------------------------------------
     0 | D:1      | CowFu the Draconian Shapeshifter began the quest for the
                  | Orb.
     0 | D:1      | Reached XP level 1. HP: 16/16 MP: 1/1
   134 | D:1      | Reached XP level 2. HP: 20/23 MP: 2/2
   711 | D:1      | Found a faded altar of an unknown god.
   715 | D:1      | Reached XP level 3. HP: 28/28 MP: 3/3
  1001 | D:2      | Found an ornate altar of the Wu Jian Council.
  1130 | D:2      | Noticed Jessica
  1137 | D:2      | Killed Jessica
  1142 | D:2      | Reached XP level 4. HP: 26/35 MP: 4/4
  1474 | D:3      | Found a transporter.
  1675 | D:3      | Found Heesay's Magic Scroll Shoppe.
  1687 | D:3      | Identified the +8 dagger "Impslayer" {vamp, Fly rPois rC-}
  1742 | D:3      | Found a transporter.
  2030 | D:4      | Noticed a scorpion
  2039 | D:4      | Killed a scorpion
  2040 | D:4      | Reached XP level 5. HP: 27/40 MP: 5/5
  2108 | D:4      | Found a staircase to the Ecumenical Temple.
  2146 | D:4      | Found a runed translucent gate.
  2146 | D:4      | Found a runed translucent gate.
  2147 | D:4      | Found a runed translucent gate.
  2147 | D:4      | Noticed Darkkill's ghost (amateur MiHu)
  2175 | Temple   | Entered the Ecumenical Temple
  2198 | Temple   | Became a worshipper of Makhleb the Destroyer
  2374 | D:4      | Noticed an ogre
  2380 | D:4      | Slain by an ogre

Illustrated notes

Levels and vault maps discovered:
D:1:      wander_arrival_desolate, layout_basic,
          ebering_ecumenical_altar_sacrificial
D:2:      minmay_spotlight, layout_loops_cross, basic_altar, minmay_liquid_box,
          minmay_misc_feat_more_columns, uniq_jessica
D:3:      gammafunk_wand_slinger, layout_basic, serial_shops,
          nicolae_shop_competitors_out_of_business,
          corexii_item_surrounded_by_moat, hex_tiny
D:4:      layout_rooms, temple_pool_b, gammafunk_ghost_split,
          corexii_corridor_pit
Temple:   hellmonk_temple_flake

Skill      XL: |  1  2  3  4 |
---------------+-------------+-----
Unarmed Combat | 4 |  4.9
Shapeshifting  | 4 |  4.6
Fighting       | |  1.1
Dodging        | |  1.7

Action                     |  1- 3 |  4- 6 || total
---------------------------+-------+-------++-------
  Melee: Unarmed           |   102 |    72 ||   174
         Tailslap          |    11 |     6 ||    17
         Punch             |     1 |     1 ||     2
   Stab: Sleeping          |     1 |       ||     1
 Armour: Skin              |    54 |    41 ||    95
  Dodge: Dodged            |    47 |    29 ||    76

Table legend: (Time is in decaauts)
 A = Elapsed time spent in this place.
 B = Non-inter-level travel time spent in this place.
 C = Inter-level travel time spent in this place.
 D = Time resting spent in this place.
 E = Time spent auto-exploring this place.
 F = Levels seen in this place.
 G = Mean time per level.
                   A        B        C        D        E       F      G
               +--------+--------+--------+--------+--------+-----+--------+
         Total |   2367 |   2265 |    102 |      0 |   1813 |   5 |  473.4 |
       Dungeon |   2335 |   2251 |     84 |      0 |   1813 |   4 |  583.8 |
        Temple |     32 |     14 |     18 |      0 |      0 |   1 |   32.0 |
               +--------+--------+--------+--------+--------+-----+--------+

Top non-repeatable levels by time:
     D:1: 793 daAuts
     D:2: 663 daAuts
     D:3: 540 daAuts
     D:4: 338 daAuts
  Temple: 32 daAuts
